 Seeded DCSS version 0.28-a0-653-g7e9dba17c3 (webtiles) character file.

Game seed: 20211012 (custom seed)

374 a11behringer the Cudgeller (level 6, -6/61 HPs)
             Began as a Troll Berserker on Oct 12, 2021.
             Was a Priest of Trog.
             Mangled by an orc (7 damage)
             ... on level 5 of the Dungeon.
             The game lasted 00:10:59 (2454 turns).

a11behringer the Cudgeller (Troll Berserker)        Turns: 2454, Time: 00:11:00

Health: -6/61      AC:  4    Str: 27    XL:     6   Next: 43%
Magic:  5/5        EV: 10    Int:  3    God:    Trog [***...]
Gold:   124        SH:  0    Dex: 10    Spells: 5/5 levels left

rFire   . . .      SeeInvis .   a - +0 mace
rCold   . . .      Faith    .   (no shield)
rNeg    . . .      Spirit   .   b - +0 animal skin
rPois   .          Reflect  .   (helmet restricted)
rElec   .          Harm     .   (no cloak)
rCorr   .          Rampage  .   (gloves unavailable)
Will    +++..                   (boots unavailable)
Stlth   +.........              (no amulet)
HPRegen 2.20/turn               c - ring of willpower
MPRegen 0.09/turn               (no ring)

@: strong-willed, regenerating
A: large, unfitting armour, claws 3, regeneration 1, shaggy fur 1, tough skin 1
a: Renounce Religion, Berserk, Trog's Hand


You were on level 5 of the Dungeon.
You worshipped Trog.
Trog was most pleased with you.
You visited 1 branch of the dungeon, and saw 5 of its levels.

You collected 229 gold pieces.
You spent 105 gold pieces at shops.

Inventory:

Hand Weapons
 a - a +0 mace (weapon)
Missiles
 g - 2 boomerangs (quivered)
 o - a throwing net
Armour
 b - a +0 animal skin (worn)
Jewellery
 c - a ring of willpower (left claw)
Wands
 i - a wand of polymorph (1)
Scrolls
 d - 4 scrolls of identify {unknown}
 e - 2 scrolls of enchant armour {unknown}
 k - a scroll of brand weapon {unknown}
 l - a scroll of immolation {unknown}
 m - a scroll of teleportation {unknown}
 n - 2 scrolls of enchant weapon {unknown}
 p - a scroll of magic mapping {unknown}
Potions
 f - 3 potions of heal wounds {unknown}
 h - a potion of curing {unknown}
 j - a potion of attraction {unknown}


   Skills:
 + Level 3.2 Fighting
 * Level 5.3 Maces & Flails
 * Level 1.3 Armour
 + Level 3.3 Dodging


You had 5 spell levels left.
You didn't know any spells.
Your spell library was empty.

Dungeon Overview and Level Annotations

Branches:
Dungeon (5/15)
 Temple: D:4-7

Altars:
Qazlal

Shops:
D:1 =   D:3 *


Innate Abilities, Weirdness & Mutations

You are too large for most types of armour.
You have claws for hands.
Your natural rate of healing is unusually fast.
You are covered in fur. (AC +1)
You have tough skin. (AC +1)


Message History

You sock the orc!
The orc is almost dead.
The orc hits you but does no damage. The orc barely misses you.
The orc hits you with a +0 falchion.
* * * LOW HITPOINT WARNING * * *
You hit the orc but do no damage.
The orc is almost dead.
The orc hits you with a +0 war axe!
* * * LOW HITPOINT WARNING * * *
The orc hits you but does no damage. The orc misses you.
You sock the orc!
You kill the orc!
Trog accepts your kill. The orc closely misses you.
You sock the orc!
You kill the orc!
Trog accepts your kill. The orc hits you with a +0 war axe.
* * * LOW HITPOINT WARNING * * *
You closely miss the orc. The orc closely misses you.
The orc hits you with a +0 flail.
* * * LOW HITPOINT WARNING * * *
You completely miss the orc. The orc barely misses you.
The orc hits you with a +0 flail!
* * * LOW HITPOINT WARNING * * *
You closely miss the orc. The orc hits you but does no damage.
The orc closely misses you.
You hit the orc but do no damage. The orc barely misses you.
The orc closely misses you. The orc hits you with a +0 war axe.
* * * LOW HITPOINT WARNING * * *
You closely miss the orc. The orc hits you but does no damage.
The orc misses you. The orc hits you with a +0 flail.
* * * LOW HITPOINT WARNING * * *
You hit the orc but do no damage. The orc hits you with a +0 war axe.
* * * LOW HITPOINT WARNING * * *
The orc hits you but does no damage.
You barely miss the orc. The orc hits you with a +0 war axe.
* * * LOW HITPOINT WARNING * * *
The orc hits you with a +0 flail!
You die...

....... .... .#....
...# #. ..<....# ...#
#.#+ #.##...###...#
#.... #.##.........####
#.... #.##..... .......
#..(..#.##...###o..####
#.....#......oo@.......
..............####.....
...............# ...
...............# .
..........#<#.....
###########.#.####
#####


You could see 3 orcs.

Vanquished Creatures
  A phantom (D:4)
  A hound (D:4)
  A centaur skeleton (D:3)
  Natasha (thrice) (D:3)
  An iguana (D:3)
  Terence (D:3)
  An adder (D:2)
  An ufetubus (D:4)
  A worm (D:2)
  6 dart slugs
  5 orcs
  7 bats
  6 endoplasms
  6 goblins
  12 hobgoblins
  11 jackals
  3 quokkas
  7 ball pythons
  2 frilled lizards
  7 kobolds
  2 rats
85 creatures vanquished.

Notes
Turn   | Place    | Note
-------+----------+-------------------------------------------
     0 | D:1      | a11behringer the Troll Berserker began the quest for the
                  | Orb.
     0 | D:1      | Reached XP level 1. HP: 22/22 MP: 0/0
   198 | D:1      | Reached skill level 3 in Maces & Flails
   200 | D:1      | Reached XP level 2. HP: 19/29 MP: 1/1
   565 | D:1      | Found Kodiass's Jewellery Shop.
   784 | D:2      | Reached XP level 3. HP: 36/36 MP: 2/2
   785 | D:2      | Reached ** piety under Trog
  1405 | D:3      | Reached skill level 4 in Maces & Flails
  1405 | D:3      | Reached XP level 4. HP: 34/44 MP: 3/3
  1432 | D:3      | Noticed Natasha
  1438 | D:3      | Killed Natasha
  1450 | D:3      | Noticed Terence
  1466 | D:3      | Reached XP level 5. HP: 26/53 MP: 4/4
  1478 | D:3      | Killed Terence
  1543 | D:3      | Found a stormy altar of Qazlal.
  1597 | D:3      | Found Voj Lick's Assorted Antiques.
  1604 | D:3      | Bought a scroll labelled BIOVIJ QOOCU for 21 gold pieces
  1604 | D:3      | Bought a scroll labelled GEMIECLUOH for 21 gold pieces
  1604 | D:3      | Bought a scroll labelled VAKHITENOB for 21 gold pieces
  1604 | D:3      | Bought a scroll labelled VESHRE COUWK for 21 gold pieces
  1604 | D:3      | Bought a scroll labelled EHIDDO YBBI for 21 gold pieces
  1690 | D:3      | Noticed Natasha
  1698 | D:3      | Killed Natasha
  1778 | D:3      | Noticed Natasha
  1784 | D:3      | Killed Natasha
  1785 | D:3      | Reached skill level 1 in Armour
  2059 | D:4      | Reached skill level 5 in Maces & Flails
  2065 | D:4      | Noticed a phantom
  2087 | D:4      | Killed a phantom
  2088 | D:4      | Reached XP level 6. HP: 44/61 MP: 5/5
  2133 | D:4      | Reached *** piety under Trog
  2420 | D:5      | Entered Level 5 of the Dungeon
  2454 | D:5      | HP: 1/61 [orc (6)]
  2454 | D:5      | Mangled by an orc

Illustrated notes

Levels and vault maps discovered:
D:1:      psy_arrival_terrarium, layout_loops_ring, serial_shops, shop,
          minmay_small_reverse_x
D:2:      layout_basic
D:3:      layout_rooms, grunt_qazlal_clouds, serial_shops, shop, hex_medium,
          uniq_natasha, uniq_terence
D:4:      layout_rooms
D:5:      kb_forest_paths, layout_basic, minmay_temple_entry_enclosed_plants,
          portal_sewer_entry_a, nicolae_ossuary_entry_giza

Skill      XL: |  1  2  3  4  5 |
---------------+----------------+-----
Maces & Flails | 3 4 5 |  5.3
Fighting       | 3 |  3.2
Dodging        | 3 |  3.3
Armour         | 1 |  1.3

Action                   |  1- 3 |  4- 6 || total
-------------------------+-------+-------++-------
Melee: Mace              |   131 |   150 ||   281
Invok: Trog's Hand       |       |     4 ||     4
       Berserk           |       |     1 ||     1
Armor: Animal skin       |    71 |    73 ||   144
Dodge: Dodged            |   111 |   132 ||   243

Table legend: (Time is in decaauts)
 A = Elapsed time spent in this place.
 B = Non-inter-level travel time spent in this place.
 C = Inter-level travel time spent in this place.
 D = Time resting spent in this place.
 E = Time spent auto-exploring this place.
 F = Levels seen in this place.
 G = Mean time per level.
                   A        B        C        D        E       F      G
               +--------+--------+--------+--------+--------+-----+--------+
         Total |   2514 |   2298 |    216 |      0 |   1701 |   5 |  502.8 |
       Dungeon |   2514 |   2298 |    216 |      0 |   1701 |   5 |  502.8 |
               +--------+--------+--------+--------+--------+-----+--------+

Top non-repeatable levels by time:
     D:1: 783 daAuts
     D:3: 652 daAuts
     D:2: 636 daAuts
     D:4: 406 daAuts
     D:5: 36 daAuts
